 Dungeon Crawl Stone Soup version 0.21.1-1-g345015f (webtiles) character file.

23 letownia2 the Conjurer (level 3, -7/19 HPs)
             Began as a Tengu Wizard on Mar 5, 2018.
             Mangled by a howler monkey (8 damage)
             ... on level 4 of the Dungeon.
             The game lasted 00:02:19 (394 turns).

letownia2 the Conjurer (Tengu Wizard)                Turns: 394, Time: 00:02:20

Health: -7/19      AC:  2    Str:  7    XL:     3   Next: 0%
Magic:  0/8        EV: 12    Int: 19    God:
Gold:   69         SH:  0    Dex: 12    Spells: 2/8 levels left

rFire    . . .     SeeInvis .   g - +0 dagger
rCold    . . .     Gourm    .   (no shield)
rNeg     . . .     Faith    .   a - +0 robe
rPois    .         Spirit   .   b - +0 hat
rElec    .         Reflect  .   (no cloak)
rCorr    .         Harm     .   (no gloves)
MR       .....                  (boots unavailable)
Stlth    +.........             (no amulet)
HPRegen  0.06/turn              (no ring)
MPRegen  0.11/turn              (no ring)

@: confused, very slightly contaminated
A: beak, talons 3
a: no special abilities


You were on level 4 of the Dungeon.
You were not hungry.

You visited 1 branch of the dungeon, and saw 4 of its levels.

You collected 69 gold pieces.

Inventory:

Hand Weapons
 g - a +0 dagger (weapon)
Armour
 a - a +0 robe (worn)
 b - a +0 hat (worn)
Scrolls
 e - a scroll of immolation {unknown}
 f - 2 scrolls of remove curse {unknown}
 h - a scroll of teleportation {unknown}
Potions
 i - a potion of brilliance {unknown}
Books
 c - a book of Minor Magic

   Spells                             Type                      Level
   a - Magic Dart                     Conjuration                  1
   b - Blink                          Translocation                2
   c - Call Imp                       Summoning                    2
   d - Slow                           Hexes                        2
   e - Conjure Flame                  Conjuration/Fire             3
   f - Mephitic Cloud                 Conjuration/Poison/Air       3
Comestibles
 d - a ration


   Skills:
 - Level 2.1 Dodging
 - Level 2.0 Stealth
 - Level 3.0 Spellcasting
 + Level 3.8 Conjurations
 - Level 1.2 Summonings
   Level 0.7 Translocations
 + Level 0.0 Air Magic


You had 2 spell levels left.
You knew the following spells:

 Your Spells              Type           Power        Failure   Level  Hunger
a - Magic Dart            Conj           ###.         3%          1    None
e - Mephitic Cloud        Conj/Pois/Air  #.......     26%         3    ###....
i - Call Imp              Summ           #.......     14%         2    ##.....


Dungeon Overview and Level Annotations

Branches:
Dungeon (4/15)
 Temple: D:4-7

Altars:


Innate Abilities, Weirdness & Mutations

You have a beak for a mouth.
You have claws for feet.


Message History

The howler monkey is heavily wounded.
The howler monkey hits you.
* * * LOW HITPOINT WARNING * * *
A jackal comes into view.
Casting: Mephitic Cloud
Confirm with . or Enter, or press ? or * to list all spells.
Aiming: Mephitic Cloud
Press: ? - help, Shift-Dir - straight line, f/p - howler monkey
Aim: a howler monkey (heavily wounded, catching its breath) That beam is likely to hit you.
Continue anyway?
The ball explodes into a vile cloud!
The stinking cloud engulfs the howler monkey.
The howler monkey is heavily wounded.
The stinking cloud engulfs the jackal.
The stinking cloud engulfs you!
You are engulfed in noxious fumes.
You choke on the stench!
You are confused.
* * * LOW HITPOINT WARNING * * *
The howler monkey is engulfed in noxious fumes.
The howler monkey appears confused.
The howler monkey hits you!
You die...

#.#.##### .
#...$...# #.
####.# ...
#....##.# ..
#.......#
#.#..####.....
###....# ....
......#.#######.#
........hh@.....#
#################


You could see a howler monkey (confused) and a jackal.

Vanquished Creatures
  A dart slug (D:1)
  A leopard gecko (D:3)
  4 goblins
  A hobgoblin (D:2)
  4 jackals
  2 kobolds (D:1)
  A bat (D:1)
  A frilled lizard (D:2)
  4 rats
19 creatures vanquished.

Notes
Turn   | Place    | Note
-------+----------+-------------------------------------------
     0 | D:1      | letownia2 the Tengu Wizard began the quest for the Orb.
     0 | D:1      | Reached XP level 1. HP: 10/10 MP: 5/5
    95 | D:1      | Reached XP level 2. HP: 13/15 MP: 0/7
   116 | D:1      | Learned a level 2 spell: Call Imp
   348 | D:3      | Reached XP level 3. HP: 10/19 MP: 1/8
   353 | D:3      | Learned a level 3 spell: Mephitic Cloud
   394 | D:4      | Mangled by a howler monkey

Skill      XL: |  1  2 |
---------------+-------+-----
Conjurations   | 2 3 |  3.8
Dodging        | |  2.1
Stealth        | |  2.0
Spellcasting   | |  3.0
Summonings     | |  1.2
Translocations | |  0.7

Action                   || total
-------------------------++-------
Melee: Unarmed           ||    10
       Kick              ||     5
       Dagger            ||     8
       Peck              ||     3
 Cast: Magic Dart        ||    34
       Mephitic Cloud    ||     1
 Stab: Sleeping          ||     3
Armor: Robe              ||     9
Dodge: Dodged            ||    20
